 Dungeon Crawl Stone Soup version 0.19.4-10-g532645f (webtiles) character file.

7980 Magnus the Carver (level 11, 0/72 HPs)
             Began as a Mummy Gladiator on Feb 25, 2017.
             Was a Priest of Kikubaaqudgha.
             Slain by a redback (9 damage)
             ... on level 1 of the Lair of Beasts.
             The game lasted 00:26:00 (10882 turns).

Magnus the Carver (Mummy Gladiator)                Turns: 10882, Time: 00:26:01

Health: 0/72       AC: 11    Str: 22    XL:     11   Next: 3%
Magic:  11/11      EV: 12    Int:  7    God:    Kikubaaqudgha [***...]
Gold:   409        SH:  0    Dex: 16    Spells: 1 memorised, 7 levels left

rFire  x . .     SeeInvis .     d - +4 falchion (flame)
rCold  + . .     Gourm    .     l - +4 ring mail
rNeg   + + +     Faith    .     (no shield)
rPois  ∞         Spirit   .     c - +0 helmet
rElec  .         Reflect  .     (no cloak)
rCorr  .         Harm     .     u - +0 pair of gloves
MR     +....                    (no boots)
Stlth  +.........               (no amulet)
                                a - +3 ring of slaying
                                p - +3 ring of strength

@: no status effects
A: no food or potions, fire vulnerability, cold resistance 1, negative energy
resistance 3, torment resistance, unbreathing
a: Receive Corpses, Renounce Religion


You were on level 1 of the Lair of Beasts.
You worshipped Kikubaaqudgha.
Kikubaaqudgha was most pleased with you.
You were not hungry.

You visited 3 branches of the dungeon, and saw 11 of its levels.
You also visited: Sewer.

You collected 409 gold pieces.

Inventory:

Hand Weapons
 d - a +4 falchion of flaming (weapon)
Missiles
 s - 3 throwing nets (quivered)
 F - 7 javelins
Armour
 c - a +0 helmet (worn)
 l - a +4 ring mail (worn)
 r - a +3 leather armour
 u - a +0 pair of gloves (worn)
Magical Staves
 A - an uncursed staff of earth {unknown}
Jewellery
 a - a +3 ring of slaying (right hand)
 p - a +3 ring of strength (left hand)
Wands
 b - a wand of disintegration (12/24)
 i - a wand of iceblast (3/15)
 n - a wand of polymorph (13/24)
 q - a wand of polymorph (14/24)
 t - a wand of digging (15/24)
 v - a wand of lightning (5/15)
 y - a wand of flame (22/48)
 B - a wand of flame (15/48)
Scrolls
 e - 7 scrolls of identify
 f - 7 scrolls of remove curse
 g - 2 scrolls of enchant weapon
 k - 5 scrolls of recharging
 m - 4 scrolls of teleportation
 w - a scroll of random uselessness {unknown}
 x - 2 scrolls of vulnerability {unknown}
 z - a scroll of acquirement {unknown}
 C - a scroll of enchant armour {unknown}
 E - a scroll of immolation {unknown}
Books
 j - Kikubaaqudgha's Handbook of Evil
   (Kikubaaqudgha gifted it to you on level 6 of the Dungeon)

   Spells                             Type                      Level
   a - Animate Skeleton               Necromancy                   1
   b - Pain                           Necromancy                   1
   c - Corpse Rot                     Necromancy                   2
   d - Vampiric Draining              Necromancy                   3
   e - Control Undead                 Necromancy                   4
 o - a book of Changes

   Spells                             Type                      Level
   a - Beastly Appendage              Transmutation                1
   b - Sticks to Snakes               Transmutation                2
   c - Spider Form                    Transmutation/Poison         3
   d - Ice Form                       Ice/Transmutation            4
   e - Blade Hands                    Transmutation                5
 G - Kikubaaqudgha's Almanac of Sinister Rituals
   (Kikubaaqudgha gifted it to you on level 2 of the Lair of Beasts)

   Spells                             Type                      Level
   a - Excruciating Wounds            Charms/Necromancy            5
   b - Cigotuvi's Embrace             Necromancy                   5
   c - Dispel Undead                  Necromancy                   5
   d - Simulacrum                     Ice/Necromancy               6
   e - Death Channel                  Necromancy                   6


   Skills:
 - Level 2.0 Fighting
 + Level 12.1 Long Blades
 - Level 1.5 Throwing
 - Level 2.4 Dodging
 + Level 9.3 Necromancy


You had 7 spell levels left.
You knew the following spells:

 Your Spells              Type           Power        Failure   Level  Hunger
a - Vampiric Draining     Necr           ##........   6%          3    N/A

Dungeon Overview and Level Annotations

Branches:
Dungeon (8/15)             Temple (1/1) D:5            Lair (2/6) D:8
  Swamp: Lair:2-4    Shoals: Lair:2-4     Snake: Lair:2-4    Spider: Lair:2-4

Altars:
Ashenzari
Cheibriados
Dithmenos
Elyvilon
Fedhas
Gozag
Hepliaklqana
Kikubaaqudgha
Makhleb
Nemelex Xobeh
Okawaru
Qazlal
Ru
Sif Muna
Trog
Uskayaw
Vehumet
Xom
Yredelemnul
Zin
The Shining One

Shops:
D:5 *   D:7 [   D:8 (*(


Innate Abilities, Weirdness & Mutations

You do not eat or drink.
Your flesh is vulnerable to fire.
You are immune to poison.
Your flesh is cold resistant. (rC+)
You are immune to negative energy. (rN+++)
You are immune to unholy pain and torment.
You can survive without breathing.


Message History

You kill the jumping spider!
Kikubaaqudgha accepts your kill. The redback bites you! x2
Unknown command.
You barely miss the redback. The redback bites you!
You slash the redback! You burn the redback.
The redback is severely wounded.
The redback bites you!
* * * LOW HITPOINT WARNING * * *
Unknown command.
You hit the redback. You burn the redback.
The redback is almost dead.
The redback bites you!
* * * LOW HITPOINT WARNING * * *
Unknown command.
You miss the redback.
The redback is almost dead.
The redback bites you!
You die...
Kikubaaqudgha rasps: "You have failed me!
Welcome... oblivion!"

### ######## #####
##.##############.##.#.###.#P####
.........÷.......................
####+PP.##.............#.#.#####(
..........#........(...##### #..
#.........#.............### ##.
+.........#............##.######.
######.#..#......................
...............s@................
............................#...>
..............#######.##..####...
......######.## ####..# #...
.....## #..# ##..# #... #....#
##.# #...# #... #....# ##.# ##..#
#†.. P....## #..# #...# #...
#.....# ##.# #...####...


You could see a redback.

Vanquished Creatures
  A hydra (D:8)
  The ghost of letownia the Thaumaturge, a novice OpWz of Gozag (D:8)
  A cyclops (D:8)
  A black mamba (Lair:1)
  3 spiny frogs (Lair:1)
  A jumping spider (Lair:1)
  A hippogriff (D:8)
  A redback (Lair:2)
  2 basilisks (Lair:1)
  3 yaks
  A hungry ghost (D:8)
  A vampire mosquito (Lair:2)
  Eustachio (D:4)
  3 water moccasins
  A porcupine (Lair:1)
  2 sky beasts
  Purgy (Sewer)
  An ice beast (D:7)
  3 black bears
  A phantom (D:6)
  4 ogres
  A centaur (D:7)
  3 crocodiles
  Blork the orc (D:4)
  3 bullfrogs
  A scorpion (D:8)
  7 killer bees (D:8)
  3 wights
  3 howler monkeys
  A crimson imp (D:6)
  A centaur zombie (D:7)
  3 orc priests
  2 hounds (D:8)
  3 jellies
  7 orc wizards
  Jessica (D:2)
  9 worker ants
  Ijyb (D:2)
  A hound zombie (D:6)
  2 howler monkey zombies
  14 adders
  2 shadow imps (D:8)
  An ooze (D:6)
  An adder zombie (D:7)
  2 worms
  2 dart slugs
  5 leopard geckos
  17 orcs
  4 ball pythons
  9 bats
  13 giant cockroaches
  8 goblins
  6 hobgoblins
  11 jackals
  3 quokkas
  5 frilled lizards
  A jackal skeleton (D:7)
  5 kobolds
  A leopard gecko skeleton (D:6)
  A leopard gecko zombie (D:8)
  5 rats
203 creatures vanquished.

Vanquished Creatures (others)
  2 fungi
  3 plants (D:8)
5 creatures vanquished.

Grand Total: 208 creatures vanquished

Notes
Turn   | Place    | Note
-------+----------+-------------------------------------------
     0 | D:1      | Magnus the Mummy Gladiator began the quest for the Orb.
     0 | D:1      | Reached XP level 1. HP: 16/16 MP: 1/1
   328 | D:1      | Reached XP level 2. HP: 22/22 MP: 2/2
   332 | D:1      | Reached skill level 3 in Long Blades
   633 | D:2      | Noticed Jessica
   639 | D:2      | Killed Jessica
   639 | D:2      | Reached XP level 3. HP: 25/27 MP: 3/3
  1075 | D:2      | Noticed Ijyb
  1082 | D:2      | Killed Ijyb
  1082 | D:2      | Reached skill level 4 in Long Blades
  1082 | D:2      | Reached XP level 4. HP: 33/33 MP: 4/4
  2196 | D:3      | Found a glowing drain.
  2227 | D:3      | Reached XP level 5. HP: 34/38 MP: 5/5
  2263 | Sewer    | Entered a sewer
  2318 | Sewer    | Noticed Purgy
  2334 | Sewer    | Killed Purgy
  2334 | Sewer    | Reached skill level 5 in Long Blades
  2523 | D:3      | Reached XP level 6. HP: 44/44 MP: 6/6
  2587 | D:3      | Found a sacrificial altar of Ru.
  2993 | D:4      | Noticed Eustachio
  3032 | D:4      | Killed Eustachio
  3032 | D:4      | Reached skill level 6 in Long Blades
  3217 | D:4      | Reached XP level 7. HP: 37/50 MP: 7/7
  3541 | D:4      | Noticed Blork the orc
  3552 | D:4      | Killed Blork the orc
  3552 | D:4      | Reached skill level 7 in Long Blades
  3821 | D:5      | Entered Level 5 of the Dungeon
  3828 | D:5      | Found a staircase to the Ecumenical Temple.
  4059 | Temple   | Entered the Ecumenical Temple
  4066 | Temple   | Became a worshipper of Kikubaaqudgha
  4531 | D:5      | Reached skill level 8 in Long Blades
  4675 | D:5      | Found Quur's Assorted Antiques.
  4722 | D:5      | Reached XP level 8. HP: 39/56 MP: 8/8
  5266 | D:6      | Reached skill level 9 in Long Blades
  5788 | D:6      | Reached * piety under Kikubaaqudgha
  5788 | D:6      | Identified Kikubaaqudgha's Handbook of Evil (Kikubaaqudgha gifted it to you on level 6 of the Dungeon)
  5788 | D:6      | Received a gift from Kikubaaqudgha
  6050 | D:6      | Learned a level 3 spell: Vampiric Draining
  6102 | D:7      | Reached skill level 1 in Necromancy
  6263 | D:7      | Reached XP level 9. HP: 47/61 MP: 9/9
  6270 | D:7      | Reached skill level 10 in Long Blades
  6918 | D:7      | Found Aqueryn's Antique Armour Boutique.
  6956 | D:8      | Found a staircase to the Lair.
  6959 | D:8      | Noticed letownia's ghost (novice OpWz)
  6975 | D:8      | Killed letownia's ghost
  7113 | D:8      | Found Usasyry's Antique Weapon Emporium.
  7191 | D:8      | Reached ** piety under Kikubaaqudgha
  7191 | D:8      | Reached skill level 5 in Necromancy
  7195 | D:8      | Found Conkig's Assorted Antiques.
  7252 | D:8      | Found Loiteroepn's Weapon Boutique.
  7583 | D:8      | Noticed a five-headed hydra
  7590 | D:8      | Killed a one-headed hydra
  7590 | D:8      | Reached skill level 11 in Long Blades
  7590 | D:8      | Reached XP level 10. HP: 44/67 MP: 10/10
  7705 | D:8      | Noticed a cyclops
  7718 | D:8      | Killed a cyclops
  8605 | Lair:1   | Entered Level 1 of the Lair of Beasts
  8624 | Lair:1   | Noticed a black mamba
  8635 | Lair:1   | Killed a black mamba
  8761 | Lair:1   | Noticed a spiny frog
  8772 | Lair:1   | Killed a spiny frog
  9324 | Lair:1   | Noticed a spiny frog
  9332 | Lair:1   | Killed a spiny frog
  9593 | Lair:1   | Noticed a spiny frog
  9599 | Lair:1   | Killed a spiny frog
 10067 | Lair:2   | Reached *** piety under Kikubaaqudgha
 10067 | Lair:2   | Identified Kikubaaqudgha's Almanac of Sinister Rituals (Kikubaaqudgha gifted it to you on level 2 of the Lair of Beasts)
 10067 | Lair:2   | Received a gift from Kikubaaqudgha
 10067 | Lair:2   | Reached skill level 12 in Long Blades
 10552 | Lair:1   | HP: 2/67 [yak (12)]
 10555 | Lair:1   | Reached XP level 11. HP: 3/72 MP: 1/11
 10882 | Lair:1   | Slain by a redback

Skill      XL: |  1  2  3  4  5  6  7  8  9 10 |
---------------+-------------------------------+-----
Long Blades    | 3 4 5 6 8 9 11 12 | 12.1
Necromancy     | 2 6 9 |  9.3
Fighting       | |  2.0
Throwing       | |  1.5
Dodging        | |  2.4

Action                   |  1- 3 |  4- 6 |  7- 9 | 10-12 || total
-------------------------+-------+-------+-------+-------++-------
Melee: Long sword        |    58 |   196 |     4 |       ||   258
       Falchion          |       |       |   310 |   169 ||   479
Throw: Throwing net      |       |     3 |       |       ||     3
 Cast: Vampiric Draining |       |       |       |     5 ||     5
  Use: Scroll            |       |       |    11 |     2 ||    13
 Stab: Held in net/web   |       |     1 |       |       ||     1
Armor: Leather armour    |    17 |     4 |       |       ||    21
       Ring mail         |       |   113 |   118 |    35 ||   266
Dodge: Dodged            |    43 |   136 |   156 |    82 ||   417
       Rpst.: Long sword |    17 |    46 |     2 |       ||    65
       Falchion          |       |       |    41 |    23 ||    64
